Map: Ley Lines

Players

kitune

  • Race: Terran Terran
  • Spawn Location: 1:00

A.I. 1 (Very Easy) - Winner!

  • Race: Zerg Zerg
  • Spawn Location: 7:00

VOD

Have the link to the VOD?

Description

Time

  • Played on: Aug. 31, 2025, 12:57 p.m.
  • Length: 7:52
Show
View Real Time Build Order
Export as new Build Order

kitune Terran 

Build Orders:  

Get SALT Encoding   

  12  0:00  SCV  
  13  0:12  SCV  
  14  0:18  Supply Depot  
  14  0:25  SCV  
  15  0:40  SCV  
  15  0:41  Barracks  
  16  0:45  Refinery  
  16  0:52  SCV  
  17  1:01  Barracks  
  17  1:04  SCV  
  18  1:16  SCV  
  19  1:28  Reaper  
  20  1:37  Orbital Command, Supply Depot  
  20  1:49  Reaper  
  21  2:07  Reaper  
  22  2:10  SCV  
  23  2:21  Command Center  
  23  2:22  SCV  
  24  2:28  Refinery  
  24  2:34  SCV  
  25  2:48  Factory, SCV  
  26  3:00  SCV  
  26  3:01  Barracks Reactor  
  27  3:12  SCV  
  28  3:13  Command Center  
  28  3:16  Marine  
  29  3:24  SCV  
  30  3:31  Supply Depot  
  30  3:40  Orbital Command  
  30  3:47  Starport  
  30  3:50  Barracks Reactor  
  30  3:53  Hellion  
  30  3:54  Hellion  
  34  3:57  Barracks Tech Lab  
  34  4:00  SCV  
  35  4:06  SCV  
  36  4:12  SCV  
  36  4:15  Hellion  
  39  4:18  SCV  
  39  4:22  Hellion  
  42  4:25  SCV  
  42  4:27  Stimpack  
  42  4:30  SCV  
  44  4:37  SCV  
  44  4:38  Liberator  
  48  4:43  SCV  
  49  4:50  SCV  
  50  4:55  SCV  
  51  5:00  Marine x3  
  51  5:02  SCV  
  51  5:06  Orbital Command  
  55  5:18  Marine x3  
  55  5:19  SCV x2  
  55  5:20  Factory Tech Lab  
  60  5:25  Orbital Command  
  60  5:31  SCV x2  
  62  5:35  Marine  
  62  5:36  Marine x2  
  62  5:41  Supply Depot  
  65  5:43  Supply Depot  
  65  5:44  SCV x2  
  65  5:47  Refinery x2  
  65  5:48  Medivac  
  69  6:02  Marine, Medivac  
  69  6:03  Siege Tank, SCV x2  
  77  6:12  Combat Shield  
  77  6:14  Marine  
  77  6:15  Marine  
  81  6:20  Marine  
  82  6:26  SCV x2  
  85  6:36  Marine x2  
  85  6:48  SCV  
  85  6:52  Barracks  
  85  6:54  Starport Reactor  
  85  7:03  Supply Depot x2  
  85  7:10  Marine, Siege Tank, SCV x2  
  85  7:12  Marine x2  
  93  7:24  SCV x3  
  93  7:28  Marine  
  97  7:30  Marine x2  
  97  7:36  SCV x3  
  102  7:43  Engineering Bay  
  105  7:44  Engineering Bay  
Show
View Real Time Build Order
Export as new Build Order

A.I. 1 (Very Easy) Zerg - Winner!

Build Orders: Hatch First 

Get SALT Encoding   

  12  0:01  Drone  
  13  0:12  Overlord  
  13  0:17  Drone  
  14  0:42  Hatchery  
  13  0:43  Drone  
  14  0:59  Spawning Pool  
  14  1:02  Drone  
  14  1:07  Extractor  
  14  1:09  Drone  
  14  1:17  Overlord  
  14  1:47  Zergling x2  
  14  1:48  Queen  
  14  1:49  Zergling x2  
  18  1:56  Roach Warren  
  18  1:59  Drone  
  18  2:04  Extractor  
  18  2:08  Drone  
  18  2:13  Zergling x2  
  19  2:18  Drone  
  20  2:26  Drone  
  21  2:33  Drone  
  22  2:40  Drone  
  23  2:47  Drone  
  24  2:54  Lair  
  24  2:56  Drone  
  24  3:24  Drone  
  25  3:31  Drone  
  26  3:35  Zergling x2  
  26  3:38  Drone  
  28  3:43  Overlord  
  28  3:46  Drone  
  29  3:53  Drone  
  30  3:56  Spire  
  30  4:00  Drone  
  30  4:06  Overseer  
  30  4:08  Drone  
  31  4:12  Overseer  
  31  4:15  Drone  
  32  4:22  Drone  
  32  4:24  Overlord  
  33  4:29  Drone  
  34  4:37  Drone  
  35  4:44  Drone  
  36  4:47  Zergling x2  
  36  4:51  Drone  
  37  4:56  Extractor  
  37  4:59  Extractor, Drone  
  34  5:06  Drone  
  35  5:13  Drone  
  36  5:14  Overlord  
  36  5:16  Roach  
  36  5:20  Drone  
  39  5:27  Drone  
  40  5:34  Drone  
  41  5:41  Drone  
  42  5:44  Zergling x2  
  42  5:49  Drone  
  44  5:56  Drone  
  45  6:03  Drone  
  46  6:23  Zergling x2  
  47  7:01  Mutalisk  
Tags
 
Matchup
TvZ
Spawn Locations
Cross Positions
Add a new tag
Caveats
  • Supply blocks, unpowered buildings, or Contaminate may cause inaccurate times.
  • Supply counts are checked every 10 seconds.